Map: Triton LE

Players

ViBE - Winner!

  • Race: Zerg Zerg
  • League: Bronze
  • Spawn Location: 11:00

DustySage

  • Race: Protoss Protoss
  • League: Gold
  • Spawn Location: 5:00

VOD

https://www.youtube.com/watch?v=kuS_PgtyAP8&list=PLFeZeom2b4DmHduNHeFj-6PfoasuSQn3P&index=2

Description

Time

  • Played on: Dec. 4, 2019, 9:17 p.m.
  • Length: 13:41
Show
View Real Time Build Order
Export as new Build Order

ViBE Zerg - Winner!

Build Orders: Hatch First 

Get SALT Encoding   

  12  0:00  Drone  
  13  0:13  Overlord  
  13  0:18  Drone  
  14  0:31  Drone x2  
  16  0:37  Drone  
  17  0:54  Hatchery  
  17  0:56  Drone  
  17  0:59  Drone  
  18  1:07  Drone  
  19  1:17  Spawning Pool  
  18  1:20  Drone  
  19  1:28  Drone  
  20  1:35  Extractor  
  19  1:42  Drone  
  20  1:50  Drone  
  22  2:01  Drone  
  22  2:06  Queen  
  22  2:07  Queen  
  26  2:09  Overlord  
  26  2:14  Drone  
  27  2:23  Overlord  
  27  2:30  Drone  
  27  2:31  Drone  
  29  2:39  Overlord  
  29  2:41  Drone  
  29  2:42  Queen  
  29  2:43  Lair  
  32  2:49  Drone x2  
  34  2:55  Drone  
  35  3:01  Drone  
  35  3:05  Drone  
  37  3:10  Drone  
  38  3:16  Roach Warren, Drone x4  
  38  3:17  Drone x2  
  38  3:19  Drone  
  44  3:22  Drone  
  45  3:29  Drone  
  46  3:34  Extractor  
  46  3:36  Extractor  
  46  3:37  Hatchery  
  43  3:43  Overlord  
  43  3:46  Drone x2  
  45  3:51  Drone x6  
  51  4:06  Glial Reconstitution  
  51  4:07  Roach  
  51  4:08  Roach x2  
  51  4:09  Evolution Chamber  
  56  4:11  Hydralisk Den  
  56  4:14  Overlord  
  55  4:18  Drone  
  55  4:21  Overlord  
  56  4:33  Roach  
  56  4:34  Roach x5  
  68  4:40  Drone  
  68  4:41  Zerg Missile Weapons Level 1  
  69  4:47  Overlord  
  69  4:52  Drone x5  
  74  4:58  Extractor  
  74  4:59  Grooved Spines  
  73  5:12  Overlord  
  73  5:22  Overlord  
  73  5:23  Drone  
  73  5:24  Drone x8  
  82  5:30  Drone x3  
  82  5:31  Drone x4  
  89  5:39  Drone, Hatchery  
  89  5:40  Drone  
  90  5:45  Extractor  
  90  5:47  Extractor, Overlord  
  88  5:52  Overlord x2  
  88  5:56  Drone x4  
  92  6:01  Drone x3  
  92  6:02  Drone  
  92  6:03  Drone x3  
  99  6:08  Drone  
  100  6:17  Drone  
  100  6:18  Drone x2  
  103  6:30  Hatchery  
  102  6:36  Drone  
  102  6:37  Drone x4  
  102  6:38  Drone  
  108  6:46  Extractor  
  107  6:47  Muscular Augments, Zerg Missile Weapons Level 2  
  107  6:48  Extractor, Hydralisk x8  
  107  6:51  Infestation Pit  
  107  6:54  Drone  
  122  6:55  Evolution Chamber  
  121  7:13  Hydralisk x7  
  135  7:16  Overlord x4  
  135  7:20  Overlord  
  135  7:29  Overlord x3  
  135  7:34  Hydralisk x8  
  151  7:42  Hydralisk x3  
  157  8:07  Hydralisk x8  
  157  8:08  Hydralisk x3  
  157  8:09  Hydralisk x2  
  157  8:10  Hatchery  
  182  8:18  Hive, Zerg Ground Armor Level 1  
  182  8:51  Spore Crawler  
  182  8:53  Spine Crawler  
  182  8:54  Spine Crawler  
  179  9:04  Spore Crawler  
  179  9:05  Spine Crawler  
  179  9:06  Spine Crawler  
  179  9:09  Spore Crawler  
  175  9:10  Spine Crawler  
  175  9:11  Spine Crawler  
  175  9:16  Spore Crawler, Spine Crawler  
  171  9:19  Spine Crawler  
  170  9:30  Drone x5  
  170  9:31  Spore Crawler, Drone, Spine Crawler  
  175  9:34  Drone x3  
  175  9:35  Drone x5, Spine Crawler  
  175  9:38  Drone  
  182  9:43  Hydralisk x11  
  194  9:45  Zerg Missile Weapons Level 3  
  174  9:54  Hydralisk x5  
  174  9:56  Hydralisk x3  
  184  10:05  Hydralisk  
  184  10:06  Hydralisk  
  182  10:10  Hydralisk  
  182  10:11  Hydralisk x2  
  186  10:22  Drone  
  186  10:23  Drone x2  
  186  10:27  Hydralisk x5  
  199  10:33  Hatchery  
  199  10:34  Hydralisk  
  194  11:06  Zerg Ground Armor Level 2  
  192  11:12  Hydralisk x4  
  198  11:27  Hydralisk  
  198  12:08  Extractor x2  
  196  12:29  Drone x2  
  199  12:30  Drone  
  199  12:31  Drone  
  200  12:56  Hatchery  
  200  12:57  Hatchery  
  200  12:58  Hatchery  
  197  12:59  Hatchery  
  197  13:00  Hatchery  
  195  13:08  Drone  
  195  13:09  Drone x4  
Show
View Real Time Build Order
Export as new Build Order

DustySage Protoss 

Build Orders:  

Get SALT Encoding   

  12  0:02  Probe  
  13  0:17  Probe  
  14  0:25  Pylon  
  14  0:32  Assimilator  
  14  0:34  Probe  
  15  0:46  Probe  
  16  0:51  Gateway  
  16  0:58  Probe (Chrono Boost)  
  17  1:08  Probe (Chrono Boost)  
  18  1:13  Probe (Chrono Boost)  
  19  1:24  Probe  
  20  1:34  Pylon  
  20  1:36  Probe (Chrono Boost)  
  21  1:47  Cybernetics Core  
  21  1:59  Nexus  
  21  2:05  Pylon  
  21  2:10  Assimilator  
  21  2:13  Zealot  
  23  2:17  Probe  
  23  2:21  Warp Gate (Chrono Boost)  
  24  2:29  Probe  
  25  2:41  Probe  
  28  2:46  Sentry  
  28  2:53  Probe  
  29  3:12  Robotics Facility  
  29  3:13  Probe (Chrono Boost)  
  29  3:17  Probe (Chrono Boost)  
  31  3:24  Probe (Chrono Boost)  
  33  3:27  Probe (Chrono Boost)  
  33  3:36  Stalker  
  35  3:49  Probe x2  
  37  3:58  Twilight Council  
  37  4:01  Probe x2, Forge  
  39  4:06  Robotics Bay  
  39  4:13  Probe x2  
  41  4:23  Assimilator  
  41  4:24  Stalker  
  41  4:25  Probe (Chrono Boost), Assimilator  
  41  4:26  Probe (Chrono Boost)  
  45  4:37  Probe x2 (Chrono Boost)  
  48  4:38  Observer  
  48  4:51  Probe x2  
  50  4:52  Pylon  
  50  5:03  Stalker, Probe x2  
  54  5:11  Protoss Ground Weapons Level 1  
  54  5:13  Extended Thermal Lance  
  54  5:16  Charge  
  54  5:33  Gateway  
  54  5:34  Gateway  
  54  5:36  Gateway  
  54  5:37  Gateway  
  54  5:40  Gateway  
  54  5:41  Gateway  
  54  5:46  Probe x2  
  56  5:51  Nexus  
  56  5:54  Pylon  
  56  5:56  Pylon  
  56  5:58  Probe x2  
  58  6:05  Zealot  
  58  6:10  Probe x2  
  62  6:21  Pylon  
  62  6:22  Probe x2  
  62  6:23  Pylon  
  62  6:25  Pylon  
  64  6:26  Pylon  
  64  6:29  Pylon  
  64  6:30  Stalker x2  
  68  6:34  Probe  
  68  6:35  Probe  
  70  6:41  Colossus  
  70  6:43  Templar Archives  
  76  6:52  Stalker x3  
  76  6:53  Stalker  
  84  6:57  Probe (Chrono Boost)  
  84  6:58  Probe (Chrono Boost)  
  86  7:08  Probe (Chrono Boost)  
  87  7:10  Probe (Chrono Boost)  
  87  7:12  Probe x2 (Chrono Boost)  
  90  7:23  Photon Cannon  
  90  7:26  Photon Cannon  
  90  7:27  Probe x3  
  90  7:28  Shield Battery  
  93  7:33  Assimilator  
  93  7:36  Stalker x2, Assimilator  
  97  7:39  Probe (Chrono Boost)  
  97  7:40  Probe (Chrono Boost)  
  97  7:41  Probe (Chrono Boost)  
  100  8:01  High Templar x5  
  100  8:02  High Templar x2  
  114  8:06  Nexus  
  114  8:08  Pylon  
  114  8:11  Pylon  
  118  8:13  Immortal  
  118  8:16  Archon x3  
  118  8:21  Probe x2  
  118  8:22  Probe  
  121  8:30  Protoss Ground Weapons Level 2  
  121  8:33  Probe  
  121  8:34  Probe x2  
  124  8:39  Pylon  
  124  8:40  Pylon  
  124  8:42  Pylon  
  124  8:44  Pylon  
  124  9:01  Stalker x2  
  124  9:02  Stalker x5  
  138  9:19  Probe x3  
  141  9:40  High Templar x3  
  141  9:41  High Templar  
  141  9:43  High Templar  
  99  10:02  Colossus  
  91  10:19  Zealot x3  
  91  10:20  Zealot x4  
  105  10:34  Probe x3  
  108  10:38  Assimilator  
  108  10:39  Assimilator  
  108  10:48  High Templar x4  
  116  10:53  Zealot x3  
  116  10:56  Observer, Archon x3  
  116  10:57  Archon  
  67  11:20  High Templar x3  
  67  11:24  Probe  
  71  11:28  Zealot x2  
  71  11:29  Zealot x2  
  56  11:56  Gateway  
  56  11:57  Gateway  
  56  11:58  Gateway  
  56  12:00  Gateway  
  53  12:03  Gateway  
  51  12:12  Nexus  
  51  12:13  Pylon  
  46  12:16  Pylon  
  35  12:48  Nexus  
  35  12:50  Pylon  
  35  12:52  Pylon  
  35  12:58  Zealot x3  
  39  12:59  Zealot  
  43  13:14  Cybernetics Core  
  43  13:15  Probe x2  
  45  13:27  Probe  
  45  13:30  Gateway x2  
  45  13:35  Gateway  
  45  13:36  Gateway  
  45  13:38  Gateway  
Tags
 
Add a new tag
Caveats
  • Supply blocks, unpowered buildings, or Contaminate may cause inaccurate times.
  • Supply counts are checked every 10 seconds.